 Dungeon Crawl Stone Soup version 0.28.0-47-ge53b351184 (webtiles) character file.

Game seed: 4010954071655591544

21 terff the Ducker (level 2, 29/29 HPs)
             Began as a Gnoll Monk on May 1, 2022.
             Was a Believer of Yredelemnul.
             Quit the game on level 1 of the Dungeon.
             The game lasted 00:02:27 (861 turns).

terff the Ducker (Gnoll Monk)                        Turns: 861, Time: 00:02:28

Health: 29/29      AC:  5    Str: 10    XL:     2   Next: 87%
Magic:  2/2        EV: 12    Int: 15    God:    Yredelemnul [**....]
Gold:   27         SH:  0    Dex: 14    Spells: 2/2 levels left

rFire   . . .      SeeInvis .   a - +0 falchion
rCold   . . .      Faith    .   (no shield)
rNeg    . . .      Spirit   .   e - +0 ring mail
rPois   .          Reflect  .   (no helmet)
rElec   .          Harm     .   (no cloak)
rCorr   .          Rampage  .   (no gloves)
Will    .....                   (no boots)
Stlth   ++........              (no amulet)
HPRegen 0.09/turn               d - +6 ring of intelligence
MPRegen 0.08/turn               (no ring)

@: no status effects
A: fangs 1, strong nose, distributed training
a: Renounce Religion, Recall Undead Harvest, Dark Bargain


You were on level 1 of the Dungeon.
You worshipped Yredelemnul.
Yredelemnul was noncommittal.
You visited 1 branch of the dungeon, and saw 1 of its levels.

You collected 27 gold pieces.

Inventory:

Hand Weapons
 a - a +0 falchion (weapon)
Armour
 b - a +0 robe
 e - a +0 ring mail (worn)
Jewellery
 d - a +6 ring of intelligence (left hand)
Potions
 c - a potion of haste {unknown}
 f - a potion of degeneration {unknown}
 g - a potion of lignification {unknown}
 h - a potion of curing {unknown}


   Skills:
 + Level 6.5 Fighting
 + Level 0.5 Short Blades
 + Level 6.5 Long Blades
 + Level 0.5 Axes
 + Level 0.5 Maces & Flails
 + Level 0.5 Polearms
 + Level 0.5 Staves
 + Level 0.5 Slings
 + Level 0.5 Bows
 + Level 0.5 Crossbows
 + Level 0.5 Throwing
 + Level 0.5 Armour
 + Level 6.5 Dodging
 + Level 4.1 Stealth
 + Level 0.5 Shields
 + Level 0.5 Unarmed Combat
 + Level 0.5 Spellcasting
 + Level 0.4 Conjurations
 + Level 0.4 Hexes
 + Level 0.4 Summonings
 + Level 0.4 Necromancy
 + Level 0.4 Translocations
 + Level 0.4 Transmutations
 + Level 0.4 Fire Magic
 + Level 0.4 Ice Magic
 + Level 0.4 Air Magic
 + Level 0.4 Earth Magic
 + Level 0.4 Poison Magic
 + Level 0.7 Invocations
 + Level 0.5 Evocations


You had 2 spell levels left.
You didn't know any spells.
Your spell library was empty.

Dungeon Overview and Level Annotations

Branches:
Dungeon (1/15)

Altars:
Yredelemnul

Shops:
D:1 !(


Innate Abilities, Weirdness & Mutations

You have very sharp teeth.
Your uncanny sense of smell can sniff out nearby items.
Your experience applies equally to all skills.


Message History

The fungus is lightly damaged.
A nearby demonic plant withers and dies.
A nearby fungus withers and dies.
Your bat zombie hits the plant.
Your bat zombie hits the fungus.
Your bat zombie completely misses the fungus.
You swap places.
Your bat zombie hits the plant.
Your bat zombie hits the fungus. x3; Your bat zombie hits the plant.
Your bat zombie hits the fungus. x5
A nearby plant withers and dies.
A nearby fungus withers and dies.
Your bat zombie hits the fungus. x4; Your bat zombie hits the plant.
The plant begins to die.
Your bat zombie hits the fungus. x2
A nearby fungus withers and dies.
Your bat zombie hits the plant.
Your bat zombie hits the fungus.
The fungus begins to die.
Your bat zombie hits the plant.
The plant begins to die.
Your ball python zombie bites the plant.
Your ball python zombie grabs the plant.
Your ball python zombie constricts the plant.
Your bat zombie hits the plant.
Your bat zombie hits the fungus.
Your bat zombie hits the fungus.
The fungus begins to die.
Your ball python zombie loses its grip on the plant.
Your bat zombie hits the plant.
Your bat zombie hits the fungus.
A nearby plant withers and dies.
Your bat zombie hits the fungus.
Your bat zombie hits the plant.
Your bat zombie completely misses the plant.
Your bat zombie hits the plant.
Your bat zombie hits the fungus.
Your bat zombie hits the fungus.
Your bat zombie hits something.
Your bat zombie hits the plant.
Your bat zombie hits the fungus.
Your bat zombie hits something.
Your bat zombie hits the fungus.
Your ball python zombie completely misses something.
Your ball python zombie grabs something.
Your ball python zombie constricts something.
Your bat zombie hits the fungus.
Your bat zombie hits the plant.
Your bat zombie hits something.
Your ball python zombie bites the fungus.
Your ball python zombie grabs the fungus.
Your ball python zombie constricts the fungus.
Are you sure you want to abandon this character and quit the game? (Confirm with "yes".)
Okay, then.
Unknown command.
Are you sure you want to abandon this character and quit the game? (Confirm with "yes".)

#.....###..P.#..P.###.
.####.P..P..#.P.....#
..##.P...P.#.P...P.#
#P.P.P....#...P....
#..PZZ...._......PP
#PPPZZ....#..P..PP.
###ZZZ....#..P..P.#
#.####ZZPZ...#.....P.#
#....@###P.PP#....###.
#####!##.#########.#
#.### .# #.# # #.. ###


You could see 5 friendly bat zombies, 2 friendly ball python zombies, 2 friendly
adder zombies and a friendly quokka zombie.

Vanquished Creatures
  A dart slug (D:1)
  An endoplasm (D:1)
  A giant cockroach (D:1)
  2 goblins (D:1)
  4 hobgoblins (D:1)
  2 kobolds (D:1)
  2 quokkas (D:1)
  A ball python (D:1)
  3 rats (D:1)
17 creatures vanquished.

Vanquished Creatures (others)
  A demonic plant (D:1)
  4 fungi (D:1)
  5 plants (D:1)
10 creatures vanquished.

Grand Total: 27 creatures vanquished

Notes
Turn   | Place    | Note
-------+----------+-------------------------------------------
     0 | D:1      | terff the Gnoll Monk began the quest for the Orb.
     0 | D:1      | Reached XP level 1. HP: 23/23 MP: 1/1
    37 | D:1      | Found Qiaqu's Weapon Shop.
   190 | D:1      | Found a faded altar of an unknown god.
   233 | D:1      | Reached XP level 2. HP: 23/29 MP: 2/2
   588 | D:1      | Found Ubbogg's Distillery.
   848 | D:1      | Prayed at the altar of an unknown god.
   848 | D:1      | Became a worshipper of Yredelemnul the Dark
   848 | D:1      | Reached * piety under Yredelemnul
   848 | D:1      | Reached ** piety under Yredelemnul
   861 | D:1      | Quit the game

Illustrated notes

Levels and vault maps discovered:
D:1:      lightli_arrival_quake, layout_basic, serial_shops,
          nicolae_shop_bloodbath_and_beyond, nicolae_lakefront_shop,
          shapermc_ecumenical_altar_gd, grunt_decor_mini_mirrors,
          chequers_serial_rivers_micro_b, minmay_pentomino_z2

Action                   || total
-------------------------++-------
Melee: Falchion          ||    45
       Bite              ||     1
  Use: Scroll            ||     1
 Stab: Sleeping          ||     1
Armor: Ring mail         ||     7
Dodge: Dodged            ||    21
